 Dungeon Crawl Stone Soup version 0.28-a0-653-g7e9dba17c3 (webtiles) character file.

Game seed: 263951430782522620

250 sanka the Changer (level 5, -1/39 HPs)
             Began as a Palentonga Transmuter on Oct 11, 2021.
             Succumbed to a scorpion's poison
             ... on level 4 of the Dungeon.
             The game lasted 00:04:53 (3824 turns).

sanka the Changer (Palentonga Transmuter)           Turns: 3824, Time: 00:04:53

Health: -1/39      AC:  5    Str: 13    XL:     5   Next: 88%
Magic:  8/8        EV: 14    Int: 13    God:
Gold:   205        SH:  0    Dex: 12    Spells: 2/8 levels left

rFire   . . .      SeeInvis +     - Unarmed
rCold   . . .      Faith    .   (no shield)
rNeg    . . .      Spirit   .   a - +0 robe
rPois   .          Reflect  .   (no helmet)
rElec   .          Harm     .   j - +0 cloak
rCorr   .          Rampage  .   (no gloves)
Will    .....                   (no barding)
Stlth   +.........              (no amulet)
HPRegen 0.13/turn               (no ring)
MPRegen 0.11/turn               p - +4 ring of evasion

@: lethally poisoned (-1 -> -7)
A: large, rugged brown scales 3, see invisible, deformed body, roll 1, armoured
tail
a: Rolling Charge


You were on level 4 of the Dungeon.
You visited 1 branch of the dungeon, and saw 5 of its levels.

You collected 205 gold pieces.


Innate Abilities, Weirdness & Mutations

You are completely covered in rugged brown scales. (AC +3, +7% HP)
You have supernaturally acute eyesight. (SInv)
Armour fits poorly on your strangely shaped body.
You can roll at nearby foes to attack.
You have a long armoured tail.


   Skills:
 - Level 1.0 Fighting
 - Level 1.5 Dodging
 - Level 3.0 Unarmed Combat
 - Level 2.0 Spellcasting
 + Level 5.6 Transmutations
 - Level 2.0 Poison Magic


You had 2 spell levels left.
You knew the following spells:

 Your Spells              Type           Power      Damage    Failure   Level
x - Spider Form           Tmut/Pois      5%         N/A       16%         3
y - Wereblood             Tmut           15%        N/A       3%          2
z - Beastly Appendage     Tmut           30%        N/A       2%          1

Your spell library contained the following spells:

 Spells                   Type           Power      Damage    Failure   Level
 Passwall                 Tmut/Erth      6%         N/A       12%         2
 Summon Small Mammal      Summ           4%         N/A       26%         1
 Call Canine Familiar     Summ           1%         N/A       58%         3
 Summon Guardian Golem    Hex/Summ       1%         N/A       58%         3
 Swiftness                Air            1%         N/A       58%         3
 Ice Form                 Ice/Tmut       8%         N/A       63%         4
 Invisibility             Hex            0%         N/A       100%        6

Inventory:

Armour
 a - a +0 robe (worn)
 j - a +0 cloak (worn)
Magical Staves
 d - a staff of air
Jewellery
 p - a +4 ring of evasion (right hand)
Wands
 n - a wand of digging (9)
Scrolls
 b - 2 scrolls of blinking {unknown}
 c - a scroll of silence {unknown}
 e - a scroll of enchant weapon {unknown}
 h - a scroll of fear {unknown}
 i - a scroll of acquirement {unknown}
 k - a scroll of holy word {unknown}
 l - 2 scrolls of identify {unknown}
 m - a scroll of vulnerability {unknown}
 q - a scroll of brand weapon {unknown}
Potions
 g - a potion of berserk rage {unknown}
 o - a potion of heal wounds {unknown}
 r - a potion of curing {unknown}

Dungeon Overview and Level Annotations

Branches:
Dungeon (5/15)
 Temple: D:4-7

Altars:

▒▒.▒▒▒▒▒.▒.......▒
▒▒.▒▒▒▒▒.▒▒▒▒.▒▒▒▒ .........▒ ▒.▒
▒▒▒▒▒▒▒▒ ▒▒.▒▒▒▒▒▒▒ ▒.▒▒▒▒▒▒
▒......▒ .......▒ ▒......▒
▒▒▒▒.▒▒▒▒.▒ .......▒▒▒▒▒▒.▒▒▒▒.▒
▒....▒▒▒▒.▒
...▒▒...........▒▒.▒▒▒.▒....▒▒.▒▒
▒▒▒▒▒.▒▒▒.▒▒▒.▒...........▒......
▒.▒ ▒.▒▒.>sYH.....▒▒▒.▒▒▒▒.▒▒ ▒.▒
▒.▒▒..▒..▒.▒▒.▒ ▒......▒▒
▒▒.▒▒▒.▒▒.).[...▒▒.▒ ▒▒▒▒▒▒▒▒▒
▒...▒▒........▒▒▒▒.▒ ▒
▒...▒▒▒▒▒......▒▒▒.▒▒▒ ▒
▒...▒▒▒▒▒..).........▒▒▒▒▒ ▒
▒▒▒▒).........▒▒...▒▒.▒.....▒ ▒
..............▒....▒▒.▒.....▒ ▒
..............▒.▒..▒▒.......▒ ▒


You could see an ice beast and a scorpion.


Message History

The scorpion poisons you!
An orc comes into view. It is wielding a +0 mace.
You hit the scorpion but do no damage.
The scorpion is severely wounded.
Your transformation is almost over.
You feel sick. The scorpion barely misses you.
You feel sick. The scorpion stings you.
* * * LOW HITPOINT WARNING * * *
The ice beast barely misses you. The scorpion completely misses you.
You climb upwards.
You feel sick.
There is a stone staircase leading down here.
You feel sick. The scorpion stings you.
* * * LOW HITPOINT WARNING * * *
You are lethally poisoned!
The scorpion poisons you!
* * * LOW HITPOINT WARNING * * *
You feel very sick.
* * * LOW HITPOINT WARNING * * *
You feel sick.
It was a potion of cancellation.
Your magical effects are unravelling.
You feel magically purged.
Your horns disappear.
Your talons disappear.
You die...

Action                   |  1- 3 |  4- 6 || total
-------------------------+-------+-------++-------
Melee: Unarmed           |   136 |    68 ||   204
       Tailslap          |    11 |     8 ||    19
       Headbutt          |     5 |     9 ||    14
       Kick              |    16 |    13 ||    29
       Punch             |     3 |     2 ||     5
 Cast: Beastly Appendage |    37 |     7 ||    44
       Spider Form       |       |     1 ||     1
  Use: Potion            |       |     1 ||     1
 Stab: Sleeping          |     2 |       ||     2
Armor: Robe              |    63 |     7 ||    70
Dodge: Dodged            |    69 |    51 ||   120

Levels and vault maps discovered:
D:1:      onia_arrival_mini_spirals, layout_rooms,
          shapermc_ecumenical_altar_mp_urbaneastern
D:2:      layout_loops_ring
D:3:      layout_loops_ring
D:4:      layout_loops_cross, minmay_misc_feat_tower
D:5:      layout_rooms, lemuel_crystal_altar, lemuel_crystal_altar,
          nicolae_tso_swordbearing_angel, minmay_temple_entry_statues_fountains,
          minmay_misc_feat_secret_circle, minmay_bent

Notes
Turn   | Place    | Note
-------+----------+-------------------------------------------
     0 | D:1      | sanka the Palentonga Transmuter began the quest for the
                  | Orb.
     0 | D:1      | Reached XP level 1. HP: 16/16 MP: 3/3
   342 | D:1      | Reached XP level 2. HP: 20/22 MP: 3/5
   472 | D:1      | Reached skill level 3 in Transmutations
   692 | D:1      | Found a faded altar of an unknown god.
  1230 | D:2      | Reached XP level 3. HP: 22/27 MP: 4/6
  1401 | D:2      | Learned a level 2 spell: Wereblood
  1405 | D:2      | Learned a level 3 spell: Spider Form
  2254 | D:3      | Reached skill level 4 in Transmutations
  2775 | D:4      | Reached skill level 1 in Poison Magic
  2825 | D:4      | Reached XP level 4. HP: 25/34 MP: 5/7
  3263 | D:4      | Noticed a necrophage
  3320 | D:4      | Killed a necrophage
  3321 | D:4      | Reached skill level 5 in Transmutations
  3321 | D:4      | Reached skill level 2 in Poison Magic
  3321 | D:4      | Reached XP level 5. HP: 38/39 MP: 3/8
  3800 | D:5      | Entered Level 5 of the Dungeon
  3814 | D:5      | Noticed an ice beast
  3822 | D:4      | HP: 2/39 [poisoned by a scorpion]
  3824 | D:4      | Succumbed to a scorpion's poison

Vanquished Creatures
  A necrophage (D:4)
  A water moccasin skeleton (D:4)
  A hound (D:4)
  An adder (D:3)
  An ufetubus (D:4)
  3 dart slugs
  6 orcs (D:4)
  5 ball pythons
  6 endoplasms
  2 giant cockroaches (D:4)
  6 goblins
  4 hobgoblins
  4 jackals (D:3)
  2 kobolds
  5 quokkas
  9 bats
  2 rats (D:1)
59 creatures vanquished.

Vanquished Creatures (others)
  A plant (D:1)
1 creature vanquished.

Grand Total: 60 creatures vanquished
